[Event "Titled Tuesday Blitz May 03 Early 2022"]
[White "Todorovic, Bojan"]
[Black "Ozturk, Efe Hakan"]
[WhiteFideId "917087"]
[BlackFideId "34550216"]
[WhiteElo "2266"]
[BlackElo "1924"]
[Result "1-0"]
[Round "06"]
[TimeControl "180+1"]
[Date "2022.05.03"]
[WhiteClock "0:01:15"]
[BlackClock "0:00:33"]

1. d4 Nf6 2. c4 e6 3. Nc3 Bb4 4. e3 O-O 5. Ne2 b6 6. a3 Bxc3+ 7. Nxc3 Bb7 8. Qc2 d6 9. e4 Nbd7 10. Be2 c5 11. d5 exd5 12. exd5 a6 13. O-O Re8 14. Bf4 Ne5 15. Rfe1 Qd7 16. h3 h6 17. Bf1 Ng6 18. Bh2 Rxe1 19. Rxe1 Re8 20. Rxe8+ Nxe8 21. Qa4 Qxa4 22. Nxa4 b5 23. cxb5 axb5 24. Bxb5 Nc7 25. Bc6 Bxc6 26. dxc6 Ne8 27. b4 cxb4 28. axb4 Ne7 29. b5 Nc8 30. b6 Nxb6 31. Nxb6 1-0


[Site "https://www.chess.com"]

[Event "Titled Tuesday Blitz May 03 Early 2022"]
[White "Turutin, Alexander"]
[Black "Rodchenkov, Sergey D."]
[WhiteFideId "4180623"]
[BlackFideId "4168712"]
[WhiteElo "2402"]
[BlackElo "2306"]
[Result "0-1"]
[Round "06"]
[TimeControl "180+1"]
[Date "2022.05.03"]
[WhiteClock "0:00:04"]
[BlackClock "0:00:09"]

1. e4 c5 2. Nf3 d6 3. d4 cxd4 4. Nxd4 Nf6 5. Nc3 a6 6. g3 e5 7. Nde2 h5 8. h3 Be7 9. Bg2 O-O 10. a4 Nbd7 11. O-O Re8 12. a5 Nf8 13. Be3 Be6 14. Na4 Rb8 15. Nb6 Ng6 16. c4 Nh7 17. Qd3 h4 18. g4 Qc7 19. b3 Bg5 20. Rad1 Red8 21. Bxg5 Nxg5 22. Qe3 f6 23. Rd3 Qc5 24. Qxc5 dxc5 25. Rfd1 Nf7 26. Na4 Rdc8 27. Kf1 Kf8 28. Nb6 Rc7 29. Ke1 Ke7 30. Bf1 Rd8 31. Nc3 Rxd3 32. Rxd3 Nf4 33. Rd2 Ng5 34. Ncd5+ Bxd5 35. cxd5 Nf3+ 36. Kd1 Nxd2 37. Kxd2 Kd8 38. Kc3 Ng6 39. Kc4 Nf8 40. d6 Rc6 41. Kd5 Nd7 42. Nc4 Nf8 43. Ne3 Ng6 44. Nf5 Nf4+ 45. Kc4 g6 46. Nxh4 Rxd6 47. Kxc5 Rc6+ 48. Kb4 Rc1 49. Bc4 Rd1 50. Nf3 Rh1 51. g5 Rxh3 0-1


[Site "https://www.chess.com"]

[Event "Titled Tuesday Blitz May 03 Early 2022"]
[White "Varshini, V"]
[Black "Lehtosaari, Mauri"]
[WhiteFideId "5091241"]
[BlackFideId "501999"]
[WhiteElo "1948"]
[BlackElo "2538"]
[Result "1-0"]
[Round "06"]
[TimeControl "180+1"]
[Date "2022.05.03"]
[WhiteClock "0:00:08"]
[BlackClock "0:00:21"]

1. e4 d5 2. exd5 Qxd5 3. Nc3 Qe5+ 4. Be2 c6 5. d4 Qc7 6. Nf3 Bf5 7. O-O e6 8. Bd3 Bg6 9. Be3 Nf6 10. h3 Bh5 11. Re1 Be7 12. Be2 Nbd7 13. Qd2 Bb4 14. Bf4 Bd6 15. Bxd6 Qxd6 16. Qe3 O-O 17. Ne5 Bxe2 18. Rxe2 Rad8 19. Nc4 Qc7 20. Ne4 Nxe4 21. Qxe4 Nf6 22. Qh4 c5 23. dxc5 Qxc5 24. c3 Rd5 25. Ne3 Rd7 26. Rae1 h6 27. Ng4 Nxg4 28. Qxg4 Rfd8 29. Qf3 b5 30. Qe3 Qc4 31. b3 Qc6 32. Qe5 a6 33. Re3 Rd5 34. Qe4 Qd6 35. Qf3 Rd2 36. R3e2 Qd5 37. Qxd5 R8xd5 38. Kf1 Kf8 39. Rc1 Ke7 40. Ke1 R2d3 41. Re3 f5 42. Rxd3 Rxd3 43. Ke2 Rd7 44. c4 Rc7 45. Kd3 Kd6 46. Rc3 e5 47. cxb5 Rxc3+ 48. Kxc3 axb5 49. Kb4 Kc6 50. a4 bxa4 51. bxa4 e4 52. Kc4 Kd6 53. Kd4 g5 54. a5 1-0


[Site "https://www.chess.com"]

[Event "Titled Tuesday Blitz May 03 Early 2022"]
[White "Vasquez Schroeder, Rodrigo"]
[Black "Vokarev, Sergey"]
[WhiteFideId "3400042"]
[BlackFideId "4119711"]
[WhiteElo "2561"]
[BlackElo "2343"]
[Result "1-0"]
[Round "06"]
[TimeControl "180+1"]
[Date "2022.05.03"]
[WhiteClock "0:00:05"]
[BlackClock "0:00:03"]

1. e4 c5 2. Nf3 Nc6 3. d4 cxd4 4. Nxd4 Nf6 5. Nc3 g6 6. Nxc6 dxc6 7. Qxd8+ Kxd8 8. Bf4 Nd7 9. Bc4 e5 10. Be3 Ke8 11. O-O-O Bc5 12. Rhe1 Bxe3+ 13. Rxe3 Ke7 14. a4 a5 15. b3 Nc5 16. Kb2 Bg4 17. f3 Bd7 18. Re2 Rhd8 19. Red2 Be8 20. Rxd8 Rxd8 21. Rxd8 Kxd8 22. Kc1 Ke7 23. Kd2 Kd6 24. g3 h6 25. Ke3 f6 26. f4 g5 27. f5 Bh5 28. Be2 Bf7 29. h4 Nd7 30. hxg5 hxg5 31. Nb1 Kc5 32. Bd1 b5 33. Nc3 Nb6 34. axb5 cxb5 35. Be2 Be8 36. Bd3 Kb4 37. Na2+ Kc5 38. Nc3 a4 39. Kd2 Kb4 40. bxa4 bxa4 41. Na2+ Ka3 42. Nc3 Bc6 43. Kc1 Kb4 44. Na2+ Kc5 45. Kd2 Bb5 46. Kc3 Bc6 47. Nb4 Bb7 48. Na2 Nc8 49. Kd2 Nd6 50. Ke3 Bc6 51. g4 Bb5 52. Kd2 Bc4 53. Nc3 Kb4 54. Bxc4 Nxc4+ 55. Kd3 a3 56. Na2+ Kc5 57. Nc1 Nd6 58. Nb3+ Kb4 59. Nc1 Nb5 60. Na2+ Kc5 61. c3 Nd6 62. Nc1 Nc4 63. Nb3+ Kb5 64. Nc1 Nb2+ 65. Kc2 Kc4 66. Nb3 Na4 67. Nd2+ Kc5 68. Kb3 Nb2 69. Kxa3 Nd1 70. Kb3 Nf2 71. Kc2 Nxg4 72. Kd3 Nh6 73. Nc4 Nf7 74. Ne3 Nd6 75. Ng4 Ne8 76. Kd2 Kc4 77. Kc2 Kc5 78. Kb3 Kb5 79. c4+ Kc5 80. Kc3 Kc6 81. Kb4 Kb6 82. c5+ Kc6 83. Kc4 Kd7 84. Kb5 Kc7 85. Nh6 Ng7 86. Ng4 Ne8 87. Ne3 Ng7 88. Nd5+ Kd7 89. Nxf6+ Kc7 90. Ng4 Ne8 91. f6 1-0


[Site "https://www.chess.com"]

[Event "Titled Tuesday Blitz May 03 Early 2022"]
[White "Visakh N R"]
[Black "Demchenko, Anton"]
[WhiteFideId "25012223"]
[BlackFideId "4160258"]
[WhiteElo "2448"]
[BlackElo "2539"]
[Result "1/2-1/2"]
[Round "06"]
[TimeControl "180+1"]
[Date "2022.05.03"]
[WhiteClock "0:00:02"]
[BlackClock "0:00:03"]

1. e4 e5 2. Nf3 Nc6 3. Bb5 a6 4. Bxc6 dxc6 5. O-O Qf6 6. d4 exd4 7. Qxd4 Qxd4 8. Nxd4 Bd7 9. Bf4 O-O-O 10. Nc3 Ne7 11. f3 Ng6 12. Be3 Bb4 13. Nce2 Rhe8 14. c3 Bd6 15. Bf2 c5 16. Nb3 b6 17. Rfd1 f5 18. exf5 Bxf5 19. Ng3 Bc2 20. Rd2 Bxb3 21. axb3 Bxg3 22. Rxd8+ Rxd8 23. Bxg3 a5 24. b4 cxb4 25. cxb4 axb4 26. Ra8+ Kd7 27. Ra7 Rc8 28. Be1 Nf4 29. Bxb4 Re8 30. g3 Nd5 31. Ba3 Re1+ 32. Kf2 Rb1 33. Ra4 b5 34. Rg4 g6 35. Rh4 h5 36. g4 hxg4 37. Rxg4 b4 38. Rxg6 bxa3 39. bxa3 c5 40. h4 Rh1 41. Rg4 Kc6 42. Kg2 Ra1 43. Kh2 Rxa3 44. Kg3 Ne3 45. Rg8 Nf5+ 46. Kh3 Rxf3+ 47. Kg4 Rg3+ 48. Kh5 Kd5 49. Rf8 Ng7+ 50. Kh6 Ne6 51. Rf5+ Kd6 52. h5 c4 53. Rf1 c3 54. Kh7 c2 55. h6 Nd4 56. Kh8 Rd3 57. h7 Rg3 58. Rc1 Rh3 59. Rxc2 Nxc2 60. Kg7 Rg3+ 61. Kf8 Rf3+ 62. Kg7 Nd4 63. h8=Q Ne6+ 64. Kg6 Rf4 65. Qa1 Rd4 66. Qa6+ Ke7 67. Qa7+ Kd6 68. Qa1 Ke7 69. Qb2 Kd6 70. Qh2+ Ke7 71. Qg3 Rf4 72. Qa3+ Kd7 73. Qa1 Kd6 74. Qd1+ Ke7 75. Qa1 Kd6 76. Qa6+ Ke7 77. Qb7+ Kd6 78. Qb8+ Ke7 79. Qe5 Kd7 80. Qxf4 Nxf4+ 1/2-1/2


[Site "https://www.chess.com"]

[Event "Titled Tuesday Blitz May 03 Early 2022"]
[White "Vokhidov, Shamsiddin"]
[Black "Gharibyan, Mamikon"]
[WhiteFideId "14204223"]
[BlackFideId "13308300"]
[WhiteElo "2611"]
[BlackElo "2254"]
[Result "1-0"]
[Round "06"]
[TimeControl "180+1"]
[Date "2022.05.03"]
[WhiteClock "0:00:10"]
[BlackClock "0:00:01"]

1. e4 e5 2. Nf3 Nc6 3. Bb5 a6 4. Ba4 Nf6 5. O-O Be7 6. d3 d6 7. c3 O-O 8. Re1 Bg4 9. Nbd2 Nd7 10. h3 Bh5 11. Nf1 Nc5 12. Bc2 d5 13. Ng3 dxe4 14. Nxh5 exf3 15. Qxf3 f5 16. b4 Nd7 17. Qg3 Bf6 18. Nxf6+ Nxf6 19. a4 Nd5 20. Bd2 Qd6 21. b5 axb5 22. axb5 Rxa1 23. Rxa1 Nce7 24. c4 Nf6 25. Bc3 Ng6 26. Qf3 c6 27. bxc6 bxc6 28. Qxf5 Nd5 29. Qxf8+ Nxf8 30. cxd5 Qc5 31. Bxe5 Qxc2 32. Ra8 Qc5 33. d6 Qd5 34. d4 c5 35. Ra7 Ne6 36. Re7 cxd4 37. d7 h6 38. Rxe6 Qxd7 39. Rd6 Qe7 40. f4 d3 41. Rxd3 g5 42. Kh2 Kh7 43. Rd6 h5 44. Rf6 gxf4 45. Rf5 1-0


[Site "https://www.chess.com"]

[Event "Titled Tuesday Blitz May 03 Early 2022"]
[White "Vovk, Orest"]
[Black "Zemlyanskii, Ivan"]
[WhiteFideId "14113490"]
[BlackFideId "24249971"]
[WhiteElo "2203"]
[BlackElo "1759"]
[Result "0-1"]
[Round "06"]
[TimeControl "180+1"]
[Date "2022.05.03"]
[WhiteClock "0:00:02"]
[BlackClock "0:00:27"]

1. h4 e5 2. h5 d5 3. h6 Nxh6 4. d4 Nc6 5. Bxh6 gxh6 6. dxe5 Nxe5 7. Nf3 Bg7 8. Nxe5 Bxe5 9. Nc3 c6 10. Rxh6 Bf5 11. Rh5 Qf6 12. Qd2 Bg6 13. Rh3 O-O-O 14. Rf3 Qd6 15. O-O-O d4 16. Nb1 Rhe8 17. g3 c5 18. Ra3 Kb8 19. Qa5 a6 20. Bg2 Bf6 21. Nd2 Rxe2 22. Rb3 Rd7 23. Rb6 Qe7 24. Qxa6 Rxf2 25. Bc6 Rc7 26. Qb5 Bg5 27. Bxb7 Bxd2+ 28. Kb1 Rxb7 29. Rxb7+ Qxb7 30. Qe8+ Kc7 31. Qe5+ Kb6 32. Qd6+ Qc6 33. Qb8+ Ka6 34. b3 Bxc2+ 35. Kxc2 Bf4+ 0-1


[Site "https://www.chess.com"]

[Event "Titled Tuesday Blitz May 03 Early 2022"]
[White "Vysochin, Spartak"]
[Black "Aaditya Dhingra"]
[WhiteFideId "14103516"]
[BlackFideId "25678191"]
[WhiteElo "2385"]
[BlackElo "1849"]
[Result "1-0"]
[Round "06"]
[TimeControl "180+1"]
[Date "2022.05.03"]
[WhiteClock "0:00:27"]
[BlackClock "0:00:57"]

1. e4 e6 2. d4 d5 3. e5 c5 4. c3 Nc6 5. Nf3 Nge7 6. h4 Qb6 7. dxc5 Qxc5 8. Bd3 Ng6 9. Qe2 d4 10. b4 Qb6 11. b5 Nce7 12. h5 dxc3 13. Nxc3 Qa5 14. Bd2 Nf4 15. Ne4 Nxe2 16. Nd6+ Kd7 17. Bxa5 Nf4 18. Be4 Ned5 19. Nxf7 Nxg2+ 20. Kf1 Ngf4 21. Nxh8 a6 22. b6 Ke8 23. Bxh7 Bd7 24. Bg6+ Ke7 25. a4 Rc8 26. Be4 Rc4 27. Bxd5 Nxd5 28. Ng6+ Ke8 29. Nxf8 Kxf8 30. Rh4 1-0


[Site "https://www.chess.com"]

[Event "Titled Tuesday Blitz May 03 Early 2022"]
[White "Wagh Suyog"]
[Black "Paravyan, David"]
[WhiteFideId "25071688"]
[BlackFideId "4194985"]
[WhiteElo "2181"]
[BlackElo "2569"]
[Result "1-0"]
[Round "06"]
[TimeControl "180+1"]
[Date "2022.05.03"]
[WhiteClock "0:00:19"]
[BlackClock "0:00:02"]

1. e4 e5 2. Nf3 Nf6 3. Nxe5 d6 4. Nf3 Nxe4 5. Nc3 Nxc3 6. dxc3 Be7 7. Be3 O-O 8. Qd2 Nd7 9. Bd3 Nf6 10. O-O-O Re8 11. h3 Bd7 12. g4 Bc6 13. Be2 Ne4 14. Qe1 Ng5 15. Nd4 Bxh1 16. Qxh1 c6 17. Nf5 Ne6 18. h4 d5 19. g5 Qa5 20. Kb1 Bf8 21. h5 d4 22. Nxd4 Nxd4 23. cxd4 g6 24. Bc4 Qf5 25. Bd3 Qd5 26. Qh3 Bg7 27. c3 c5 28. dxc5 Rad8 29. h6 Bh8 30. Qg4 Qc6 31. Kc2 Be5 32. Qb4 Qe6 33. a4 Rd7 34. Re1 Rxd3 35. Kxd3 Qf5+ 36. Kd2 Rd8+ 37. Kc1 Qe6 38. Kb1 Qf5+ 39. Ka2 Qf3 40. Qc4 Rf8 41. Bd4 Bxd4 42. Qxd4 Qf5 43. Qg7# 1-0


[Site "https://www.chess.com"]

[Event "Titled Tuesday Blitz May 03 Early 2022"]
[White "Warchol, Kamil"]
[Black "Bartel, Michal"]
[WhiteFideId "21858241"]
[BlackFideId "1119257"]
[WhiteElo "1910"]
[BlackElo "2211"]
[Result "1/2-1/2"]
[Round "06"]
[TimeControl "180+1"]
[Date "2022.05.03"]
[WhiteClock "0:00:41"]
[BlackClock "0:01:24"]

1. e4 e5 2. Nf3 Nc6 3. Bc4 g6 4. c3 Bg7 5. d4 d6 6. dxe5 Nxe5 7. Nxe5 dxe5 8. Bxf7+ Ke7 9. Qb3 Nf6 10. O-O Qd6 11. Be3 b6 12. Rd1 Be6 13. Qxe6+ Qxe6 14. Bxe6 Kxe6 15. f3 Rhd8 16. Nd2 Bf8 17. Kf2 Bd6 18. Ke2 Rf8 19. Nc4 Ne8 20. Rd2 a5 21. a4 Rf7 22. Na3 Rd8 23. Nb5 Rdd7 24. Rad1 Rg7 25. g4 Rgf7 26. h4 Rf8 27. Bh6 Rff7 28. Be3 Rf8 29. g5 Rdf7 30. Nxd6 Nxd6 31. Rf1 Nc4 32. Rc2 Rd8 33. b3 Nd6 34. Rd2 Rdf8 35. Rdd1 Re8 36. Rf2 Ref8 37. Rdf1 Re8 38. Rh1 Ref8 39. h5 Rg7 40. hxg6 hxg6 41. Rh4 Rgf7 42. Rh3 Rd8 43. Rfh2 Rdf8 44. Bf2 b5 45. axb5 Nxb5 46. Be1 Nd6 47. Bd2 c5 48. Rh1 c4 49. bxc4 Nxc4 50. Ra1 Nxd2 51. Kxd2 Rxf3 52. Rh6 Rf2+ 53. Kd3 R2f3+ 54. Kc2 Rf2+ 55. Kd3 R2f3+ 56. Kc2 Rf2+ 57. Kd3 1/2-1/2


[Site "https://www.chess.com"]

[Event "Titled Tuesday Blitz May 03 Early 2022"]
[White "Williams, Simon K"]
[Black "Martinez Alcantara, Jose Eduardo"]
[WhiteFideId "404454"]
[BlackFideId "3805662"]
[WhiteElo "2468"]
[BlackElo "2690"]
[Result "1-0"]
[Round "06"]
[TimeControl "180+1"]
[Date "2022.05.03"]
[WhiteClock "0:01:26"]
[BlackClock "0:00:20"]

1. f4 g6 2. Nf3 Bg7 3. e4 c6 4. Be2 d5 5. d3 Nh6 6. O-O O-O 7. h3 f6 8. Qe1 Nf7 9. Nc3 e5 10. fxe5 fxe5 11. Qg3 Be6 12. Ng5 Nxg5 13. Bxg5 Qb6+ 14. Kh1 Qxb2 15. Rxf8+ Bxf8 16. Rf1 Qxc3 17. Bg4 Bf5 18. exf5 Na6 19. fxg6 Nc5 20. Qf3 Bg7 21. Qf7+ Kh8 22. Bf6 Rg8 23. gxh7 Kxh7 24. Bf5+ Kh8 25. Qh5# 1-0


[Site "https://www.chess.com"]

[Event "Titled Tuesday Blitz May 03 Early 2022"]
[White "Winkels, Marcel"]
[Black "Bifulco, Michel"]
[WhiteFideId "1003887"]
[BlackFideId "828580"]
[WhiteElo "1900"]
[BlackElo "2165"]
[Result "0-1"]
[Round "06"]
[TimeControl "180+1"]
[Date "2022.05.03"]
[WhiteClock "0:00:05"]
[BlackClock "0:00:32"]

1. e4 e5 2. Nf3 Nc6 3. Bc4 Nf6 4. d3 h6 5. c3 d6 6. a4 g5 7. O-O Bg7 8. Re1 O-O 9. Nbd2 g4 10. Nh4 Nxe4 11. g3 Nxd2 12. Bxd2 d5 13. Ba2 Be6 14. Qc2 f5 15. d4 f4 16. Ng6 fxg3 17. hxg3 Rf5 18. Nxe5 Nxe5 19. dxe5 Bxe5 20. Re2 Qd6 21. Rae1 Re8 22. Bxh6 Bxg3 23. Be3 Bh2+ 24. Kg2 g3 25. f4 d4 26. Bxd4 Bd5+ 27. Bxd5+ Qxd5+ 28. Re4 Rxf4 29. Kh3 Rfxe4 30. Rxe4 Qxe4 31. Qb3+ Qe6+ 0-1


[Site "https://www.chess.com"]

[Event "Titled Tuesday Blitz May 03 Early 2022"]
[White "Wong, Yinn Long"]
[Black "Nakamura, Hikaru"]
[WhiteFideId "5707684"]
[BlackFideId "2016192"]
[WhiteElo "2055"]
[BlackElo "2850"]
[Result "0-1"]
[Round "06"]
[TimeControl "180+1"]
[Date "2022.05.03"]
[WhiteClock "0:00:24"]
[BlackClock "0:01:30"]

1. b3 e5 2. Bb2 Nc6 3. e3 g6 4. Nf3 Bg7 5. d4 e4 6. Nfd2 f5 7. c4 d6 8. Nc3 Nf6 9. a3 O-O 10. Qc2 f4 11. Ncxe4 fxe3 12. fxe3 Ng4 13. Qd3 Qh4+ 14. g3 Qh6 15. O-O-O Qxe3 16. h3 Qxd3 17. Bxd3 Ne3 18. Rde1 Nf5 19. d5 Bxb2+ 20. Kxb2 Ne5 21. Be2 Bd7 22. g4 Nh4 23. Rhf1 Ng2 24. Nf6+ Rxf6 25. Rxf6 Nxe1 26. Ne4 Kg7 27. Rf1 Ng2 28. c5 Ne3 29. Rc1 Nxd5 30. cxd6 cxd6 31. Nxd6 Nf4 32. Bf1 Ned3+ 0-1


[Site "https://www.chess.com"]

[Event "Titled Tuesday Blitz May 03 Early 2022"]
[White "Xu, Yi"]
[Black "Srihari L R"]
[WhiteFideId "8605564"]
[BlackFideId "46617116"]
[WhiteElo "2471"]
[BlackElo "2121"]
[Result "1-0"]
[Round "06"]
[TimeControl "180+1"]
[Date "2022.05.03"]
[WhiteClock "0:00:33"]
[BlackClock "0:00:05"]

1. e4 c6 2. d4 d5 3. e5 Bf5 4. h4 h5 5. Bd3 Bxd3 6. Qxd3 Qa5+ 7. Nd2 Qa6 8. c4 e6 9. Ne2 Nh6 10. O-O Nf5 11. Ng3 Nxh4 12. b3 Nd7 13. a4 Qa5 14. Nf3 Nxf3+ 15. Qxf3 h4 16. Nh5 Qd8 17. cxd5 cxd5 18. Ba3 g6 19. Bxf8 Kxf8 20. Nf4 Kg7 21. Rac1 Rc8 22. Qg4 Qe7 23. Rfd1 Rc6 24. Rxc6 bxc6 25. Rc1 c5 26. Nd3 cxd4 27. Qxd4 h3 28. g3 Qg5 29. Kh2 Rb8 30. Rc7 Nb6 31. Qf4 Qxf4 32. Nxf4 Kg8 33. Rxa7 d4 34. b4 Nc4 35. Nd3 g5 36. Rc7 Nb6 37. a5 Nd5 38. Rc4 g4 39. Rxd4 f5 40. exf6 Nxf6 41. a6 Rb6 42. a7 Ra6 43. Rd8+ Kg7 44. a8=Q Rxa8 45. Rxa8 Nd5 46. b5 1-0


[Site "https://www.chess.com"]

[Event "Titled Tuesday Blitz May 03 Early 2022"]
[White "Yang, Kaiqi"]
[Black "Le Ruyet, Leopold"]
[WhiteFideId "8604398"]
[BlackFideId "645923"]
[WhiteElo "2373"]
[BlackElo "2276"]
[Result "0-1"]
[Round "06"]
[TimeControl "180+1"]
[Date "2022.05.03"]
[WhiteClock "0:00:01"]
[BlackClock "0:00:04"]

1. d4 Nf6 2. c4 g6 3. Nc3 d5 4. Nf3 Bg7 5. Bg5 Ne4 6. cxd5 Nxg5 7. Nxg5 e6 8. Nf3 exd5 9. e3 O-O 10. b4 c6 11. Be2 a5 12. b5 Bf5 13. Rc1 Nd7 14. O-O Nf6 15. bxc6 bxc6 16. Na4 Rc8 17. Ne5 Qd6 18. Bd3 Be6 19. Nc5 Nd7 20. Nexd7 Bxd7 21. Qa4 f5 22. Qxa5 f4 23. exf4 Rxf4 24. Ba6 Rcf8 25. Nb3 Qf6 26. Rc2 Qg5 27. Rc3 Bxd4 28. Nxd4 Rxd4 29. Rg3 Qf4 30. Rf3 Qe5 31. Rxf8+ Kxf8 32. Qd8+ Be8 33. Bc8 Re4 34. Qa5 Ke7 35. Qc5+ Qd6 36. Qc3 d4 37. Qc4 Bf7 38. Qd3 Qe5 39. Bg4 c5 40. Bf3 Re1 41. a4 c4 42. Qa3+ Kf6 43. Qb4 Rxf1+ 44. Kxf1 d3 45. a5 Qa1+ 46. Qe1 Qxe1+ 47. Kxe1 c3 48. Kd1 Bb3+ 49. Kc1 d2+ 50. Kb1 d1=Q+ 51. Bxd1 Bxd1 52. a6 Ba4 53. a7 Bc6 54. f3 Ke5 55. Kc2 Kd4 56. h4 Kc4 57. Kc1 Kd4 0-1


[Site "https://www.chess.com"]

[Event "Titled Tuesday Blitz May 03 Early 2022"]
[White "Yuan, Qingyu"]
[Black "Yurovskykh, Oleksandr"]
[WhiteFideId "8609772"]
[BlackFideId "14134020"]
[WhiteElo "2359"]
[BlackElo "2292"]
[Result "1-0"]
[Round "06"]
[TimeControl "180+1"]
[Date "2022.05.03"]
[WhiteClock "0:00:20"]
[BlackClock "0:00:10"]

1. e4 e6 2. d4 d5 3. e5 c5 4. c3 Qb6 5. Nf3 Nc6 6. Bd3 cxd4 7. O-O Bd7 8. h4 Rc8 9. Re1 Nge7 10. Nbd2 dxc3 11. bxc3 h5 12. Rb1 Qc7 13. c4 g6 14. cxd5 Nxd5 15. Ne4 Be7 16. Nd6+ Bxd6 17. exd6 Qxd6 18. Bb2 O-O 19. Qd2 Qf4 20. Qd1 Rfd8 21. g3 Qh6 22. Ng5 Be8 23. Qf3 e5 24. Bc4 Ncb4 25. Bb3 Qg7 26. Bxe5 f6 27. Ne6 Qf7 28. Nxd8 Rxd8 29. Bxf6 Rd6 30. Rxe8+ Qxe8 31. Bb2 Qf7 32. Qe4 Nc6 33. Rd1 Nce7 34. Qe5 Kf8 35. Qxd6 1-0


[Site "https://www.chess.com"]

[Event "Titled Tuesday Blitz May 03 Early 2022"]
[White "Zainullina, Nataliya"]
[Black "Petrova, Irina"]
[WhiteFideId "4145488"]
[BlackFideId "14124122"]
[WhiteElo "2058"]
[BlackElo "1993"]
[Result "1-0"]
[Round "06"]
[TimeControl "180+1"]
[Date "2022.05.03"]
[WhiteClock "0:00:15"]
[BlackClock "0:00:01"]

1. Nf3 d6 2. c4 e5 3. Nc3 f5 4. e4 Nf6 5. Bd3 f4 6. Bc2 Nc6 7. d4 Bd7 8. dxe5 dxe5 9. Nd5 Bc5 10. a3 Bd4 11. Rb1 O-O 12. b4 Nxd5 13. exd5 Bc3+ 14. Bd2 Bxd2+ 15. Qxd2 Nd4 16. Nxd4 exd4 17. Qxd4 Re8+ 18. Kd2 Qg5 19. Kc3 Re2 20. Qd3 Qf6+ 21. Kb3 Rxc2 22. Qxc2 Bf5 23. Qc3 Qg6 24. Rbe1 Rf8 25. g3 Be4 26. Rhg1 Qh6 27. Rxe4 fxg3 28. Rxg3 Rxf2 29. Reg4 g6 30. Rg2 Rf1 31. Qc2 Qe3+ 32. Ka2 Kf7 33. Qb2 Rf3 34. R4g3 Kg8 35. Rxf3 Qxf3 36. Rf2 Qe4 37. Qc2 Qe1 38. Qe2 Qc3 39. Qc2 Qd4 40. Kb1 Kg7 41. Rd2 Qg1+ 42. Ka2 Kg8 43. Qc3 Qg4 44. Qd3 Qf4 45. Qd4 Qf5 46. Qd3 Qf4 47. Re2 1-0


[Site "https://www.chess.com"]

[Event "Titled Tuesday Blitz May 03 Early 2022"]
[White "Zhu, Jiner"]
[Black "Sirosh, Ilja"]
[WhiteFideId "8608059"]
[BlackFideId "4500458"]
[WhiteElo "2281"]
[BlackElo "2241"]
[Result "1-0"]
[Round "06"]
[TimeControl "180+1"]
[Date "2022.05.03"]
[WhiteClock "0:00:07"]
[BlackClock "0:00:07"]

1. e4 c5 2. Nf3 d6 3. d4 cxd4 4. Nxd4 Nf6 5. Nc3 a6 6. Be3 e5 7. Nf3 Be7 8. Bc4 Be6 9. Qe2 Qc7 10. Bb3 Nbd7 11. O-O Rc8 12. Rfd1 O-O 13. Bxe6 fxe6 14. Ng5 Qc4 15. Qxc4 Rxc4 16. Nxe6 Rfc8 17. Ng5 h6 18. Nf3 Nxe4 19. Nxe4 Rxe4 20. c3 Nf6 21. h3 Rec4 22. a4 Kf7 23. a5 Ke6 24. Bb6 d5 25. Re1 Bd6 26. Re2 Re4 27. Rd2 Bc5 28. Bxc5 Rxc5 29. Ne1 Rc6 30. Nd3 Rec4 31. Re1 e4 32. Nb4 R6c5 33. Ra1 Rb5 34. Nc2 Rbc5 35. Ne3 Ke5 36. Nxc4+ Rxc4 37. Kf1 g5 38. Ke2 h5 39. Ke3 Rc7 40. Rd4 g4 41. Rad1 Rc5 42. Rb4 Rc7 43. Rdd4 gxh3 44. gxh3 Ne8 45. c4 Nf6 46. f4+ exf3 47. Rh4 dxc4 48. Rbxc4 Rd7 49. Kxf3 Rd3+ 50. Ke2 Rb3 51. Rb4 Rg3 52. Rxb7 Rg2+ 53. Kf3 Rc2 54. Rhb4 Nd5 55. Rb3 Rh2 56. Kg3 Rh1 57. Kg2 Rd1 58. Rf7 Rd2+ 59. Kg3 Kd4 60. Rb8 Ne3 61. Rd7+ Nd5 62. Rxd5+ Kxd5 63. Rd8+ 1-0


[Site "https://www.chess.com"]

[Event "Titled Tuesday Blitz May 03 Early 2022"]
[White "Zia, Tahsin Tajwar"]
[Black "Kosteniuk, Alexandra"]
[WhiteFideId "10211888"]
[BlackFideId "4128125"]
[WhiteElo "1800"]
[BlackElo "2469"]
[Result "1/2-1/2"]
[Round "06"]
[TimeControl "180+1"]
[Date "2022.05.03"]
[WhiteClock "0:00:03"]
[BlackClock "0:00:08"]

1. d4 Nf6 2. Nf3 e6 3. Bf4 b6 4. e3 Bb7 5. Nbd2 Be7 6. Bd3 Nh5 7. Bg3 Nxg3 8. hxg3 h6 9. c3 d6 10. g4 Nd7 11. a4 c5 12. a5 a6 13. axb6 Qxb6 14. Nc4 Qc7 15. g5 Nb6 16. gxh6 gxh6 17. Na5 Bxf3 18. Qxf3 d5 19. dxc5 Qxc5 20. Nb3 Qc7 21. Rxa6 Rxa6 22. Bxa6 Nd7 23. Bb5 Qb6 24. Bxd7+ Kxd7 25. Nd4 Qa6 26. Qe2 Qa1+ 27. Qd1 Qa6 28. Ne2 Rb8 29. b4 Rg8 30. O-O Bd6 31. g3 Bb8 32. Kg2 Qa8 33. Qd4 e5 34. Qc5 Bd6 35. Qb5+ Ke6 36. f3 Qa2 37. Rd1 Rb8 38. Qd3 Rg8 39. Rd2 Qb3 40. f4 h5 41. f5+ Ke7 42. Qxd5 Qxd5+ 43. Rxd5 e4 44. Rd4 Be5 45. Rxe4 Kf6 46. Nf4 Kxf5 47. Rc4 h4 48. Kf2 Rxg3 49. Rc5 Ke4 50. Rc4+ Kf5 51. Rc5 Ke4 52. Rc4+ Kf5 1/2-1/2


[Site "https://www.chess.com"]

[Event "Titled Tuesday Blitz May 03 Early 2022"]
[White "Aaditya Dhingra"]
[Black "Bintang, Rasyid A. Hidayat"]
[WhiteFideId "25678191"]
[BlackFideId "7105355"]
[WhiteElo "1849"]
[BlackElo "2421"]
[Result "0-1"]
[Round "07"]
[TimeControl "180+1"]
[Date "2022.05.03"]
[WhiteClock "0:00:36"]
[BlackClock "0:00:51"]

1. d4 d5 2. c4 Nc6 3. Nc3 Nf6 4. Bg5 Ne4 5. cxd5 Nxc3 6. bxc3 Qxd5 7. Nf3 Bg4 8. Bd2 e5 9. Rb1 Bxf3 10. exf3 exd4 11. Rxb7 dxc3 12. Bxc3 Qxd1+ 13. Kxd1 O-O-O+ 14. Kc2 Kxb7 15. Bc4 f6 16. Rb1+ Ka8 17. Bb5 Nb8 18. Bd3 c6 19. Be4 Bd6 20. Ba5 Rc8 21. g3 Bc7 22. Bd2 Bb6 23. f4 Bxf2 24. f5 Bb6 25. a4 Rhe8 26. Bf3 Re5 27. g4 Rc5+ 28. Kb2 Rd8 29. Bb4 Rc4 30. Kb3 Rf4 31. Be2 a5 32. Bc3 Ka7 33. Kc2 Na6 0-1


[Site "https://www.chess.com"]

[Event "Titled Tuesday Blitz May 03 Early 2022"]
[White "Agasarov, Benik"]
[Black "Ismayil, Malak"]
[WhiteFideId "13314823"]
[BlackFideId "13412604"]
[WhiteElo "2521"]
[BlackElo "1879"]
[Result "1-0"]
[Round "07"]
[TimeControl "180+1"]
[Date "2022.05.03"]
[WhiteClock "0:00:25"]
[BlackClock "0:00:04"]

1. e4 e5 2. Nf3 Nc6 3. Bb5 a6 4. Ba4 Nf6 5. O-O b5 6. Bb3 Bc5 7. c3 O-O 8. d4 Bd6 9. Re1 h6 10. Nbd2 Re8 11. a4 Rb8 12. axb5 axb5 13. d5 Ne7 14. Nf1 Ng6 15. Ng3 Bc5 16. Nd2 d6 17. Ndf1 Ng4 18. Ne3 Bxe3 19. Bxe3 Qh4 20. h3 Nxe3 21. Rxe3 Nf4 22. Ne2 f5 23. Nxf4 exf4 24. Re1 fxe4 25. Bc2 Bf5 26. Qd4 f3 27. Ra7 Rbc8 28. Re3 Qg5 29. g3 Qh5 30. h4 Qg4 31. Kf1 Qh3+ 32. Ke1 Qh1+ 33. Kd2 Qg1 34. Re1 Qg2 35. Qe3 Re5 36. Bb3 Qh3 37. Rea1 Qg4 38. Ra8 Kh7 39. Rxc8 Bxc8 40. Ra7 Re7 41. Ra8 Bf5 42. Rb8 Qg6 43. Rxb5 Qf6 44. Rb4 Qe5 45. Rd4 Bg6 46. Bc2 Kg8 47. b4 Qf5 48. c4 Qg4 49. Kc3 Re5 50. Kb3 Qf5 51. b5 h5 52. Kb4 Re8 53. Bb3 Re7 54. Rd2 Re5 55. Ra2 Kh7 56. Ra7 Re7 57. b6 Qf7 58. b7 Re8 59. Ra8 Qf8 60. Qa7 1-0


[Site "https://www.chess.com"]

[Event "Titled Tuesday Blitz May 03 Early 2022"]
[White "Andreikin, Dmitry"]
[Black "Janaszak, Dawid"]
[WhiteFideId "4158814"]
[BlackFideId "1119206"]
[WhiteElo "2736"]
[BlackElo "2199"]
[Result "1-0"]
[Round "07"]
[TimeControl "180+1"]
[Date "2022.05.03"]
[WhiteClock "0:02:20"]
[BlackClock "0:01:22"]

1. e4 e5 2. Nf3 Nc6 3. Bb5 a6 4. Ba4 Nf6 5. O-O b5 6. Bb3 Be7 7. Re1 O-O 8. d3 d6 9. a4 Rb8 10. Nbd2 Na5 11. Ba2 c5 12. axb5 axb5 13. Nf1 Kh8 14. Bg5 Ng8 15. Bxe7 Nxe7 16. Ng5 f6 17. Nxh7 c4 18. Nxf8 Qxf8 19. Ne3 Be6 20. Bxc4 bxc4 21. Rxa5 Rxb2 22. dxc4 Ng6 23. Qh5+ 1-0


[Site "https://www.chess.com"]